 Dungeon Crawl Stone Soup version 0.24-a0-493-g7e4ddcd485 (webtiles) character file.

Game seed: 981041358058052353

144 Gargoyl the Skirmisher (level 5, -2/69 HPs)
             Began as a Centaur Abyssal Knight on July 12, 2019.
             Was a Believer of Lugonu.
             Succumbed to a scorpion's poison
             ... on level 3 of the Dungeon.
             The game lasted 00:03:02 (2165 turns).

Gargoyl the Skirmisher (Centaur Abyssal Knight)     Turns: 2165, Time: 00:03:02

Health: -2/69      AC: 22    Str: 15    XL:     5   Next: 5%
Magic:  7/7        EV:  1    Int: 11    God:    Lugonu [**....]
Gold:   142        SH:  0    Dex:  9    Spells: 4/4 levels left

rFire    . . .     SeeInvis .   a - +1 hand axe
rCold    . . .     Gourm    .   (no shield)
rNeg     + + +     Faith    .   (armour currently unavailable)
rPois    +         Spirit   .   (helmet currently unavailable)
rElec    .         Reflect  .   (cloak currently unavailable)
rCorr    .         Harm     .   (gloves currently unavailable)
MR       .....     NoTele   +   (no barding)
Stlth    +.........             (no amulet)
HPRegen  0.21/turn              (no ring)
MPRegen  0.10/turn              (no ring)

@: lethally poisoned (-2 -> -30), tree-form
A: large
a: Depart the Abyss, Bend Space, Renounce Religion


You were on level 3 of the Dungeon.
You worshipped Lugonu.
Lugonu was pleased with you.
You were hungry.
You were a tree.
You visited 1 branch of the dungeon, and saw 3 of its levels.
You visited the Abyss 1 time.

You collected 142 gold pieces.

Inventory:

Hand Weapons
 a - a +1 hand axe (weapon)
Armour
 f - a +0 chain mail (melded)
 k - a +0 pair of gloves (melded)
 l - a +0 cloak (melded)
Scrolls
 b - a scroll of remove curse
Potions
 g - a potion of invisibility
Comestibles
 c - 7 rations


   Skills:
 + Level 3.6 Fighting
 + Level 2.5 Axes
 * Level 2.3 Armour
 * Level 1.4 Dodging
 * Level 2.9 Invocations


You had 4 spell levels left.
You didn't know any spells.
Your spell library was empty.

Dungeon Overview and Level Annotations

Branches:
Dungeon (3/15)

Altars:
Ru


Innate Abilities, Weirdness & Mutations

((You have hooves in place of feet.))
((Armour fits poorly on your strangely shaped body.))
((You cover ground very quickly.))
((You have extremely tough skin. (AC +3)))


Message History

The scorpion stings you but does no damage.
You closely miss the orc.
The orc is moderately wounded.
You hit the scorpion.
* * * LOW HITPOINT WARNING * * *
You feel very sick. The orc hits you but does no damage.
The scorpion stings you but does no damage.
You closely miss the orc.
The orc is moderately wounded.
You hit the scorpion.
* * * LOW HITPOINT WARNING * * *
You feel very sick. The orc hits you but does no damage.
The scorpion stings you but does no damage.
A rat comes into view.
You hit the scorpion.
The scorpion is almost dead.
You hit the orc.
You die...

# .## #.. #####....
##..#####(r......
............g.#
####..# #o# .# ..##..#
#♣# ..# #.##..#
###s##...#
#.##..###.)......#
#.##......).....o#
#..†..###..........
####.##..###..###.####
#............$# .#
#.##.#.#......# #
#.##.#.........


You could see a scorpion, an orc and a rat.

Vanquished Creatures
  2 orc wizards
  An adder (D:3)
  An ooze (D:1)
  A dart slug (D:1)
  A leopard gecko (D:2)
  3 orcs (D:3)
  4 bats
  3 giant cockroaches
  5 goblins
  14 hobgoblins
  7 jackals
  A quokka (D:3)
  7 frilled lizards
  6 kobolds
  17 rats
73 creatures vanquished.

Notes
Turn   | Place    | Note
-------+----------+-------------------------------------------
     0 | Abyss:1  | Gargoyl the Centaur Abyssal Knight began the quest for the
                  | Orb.
     0 | Abyss:1  | Reached XP level 1. HP: 19/19 MP: 2/2
   136 | Abyss:1  | Found a corrupted altar of Lugonu.
   139 | Abyss:1  | Noticed a purple ugly thing
   191 | Abyss:1  | Noticed a wretched star
   191 | Abyss:1  | Noticed a thrashing horror
   192 | Abyss:1  | Noticed a purple very ugly thing
   197 | D:1      | Escaped the Abyss
   210 | D:1      | Reached XP level 2. HP: 23/26 MP: 1/3
   298 | D:1      | Reached * piety under Lugonu
   405 | D:1      | Reached skill level 1 in Dodging
   483 | D:1      | Reached XP level 3. HP: 25/31 MP: 4/4
  1277 | D:2      | Reached ** piety under Lugonu
  1297 | D:2      | Found a sacrificial altar of Ru.
  1310 | D:2      | Reached XP level 4. HP: 38/38 MP: 4/6
  2147 | D:3      | Reached XP level 5. HP: 46/46 MP: 7/7
  2164 | D:3      | HP: 1/69 [poisoned by a scorpion]
  2165 | D:3      | Succumbed to a scorpion's poison

Levels and vault maps discovered:
D:1:      erik_arrival_orb_chamber, layout_basic, minmay_tetromino_i2
D:2:      layout_basic, first_ration, nicolae_ru_great_annihilating_truth
D:3:      layout_loops_ring

Skill      XL: |  1  2  3 |
---------------+----------+-----
Dodging        | 1 |  1.4
Axes           | 2 |  2.5
Armour         | 2 |  2.3
Fighting       | |  3.6
Invocations    | |  2.9

Action                   |  1- 3 |  4- 6 || total
-------------------------+-------+-------++-------
Melee: Hand axe          |   124 |    69 ||   193
       Kick              |    18 |    10 ||    28
Invok: Depart the Abyss  |     1 |       ||     1
  Use: Potion            |     1 |     1 ||     2
       Scroll            |       |     5 ||     5
 Stab: Paralysed         |     3 |       ||     3
  Eat: Chunk             |       |     2 ||     2
Armor: Chain mail        |   110 |    48 ||   158
       Skin              |       |     5 ||     5
Dodge: Dodged            |    20 |    17 ||    37

Table legend:
 A = Non-vault XP
 B = Vault XP
 C = Vault XP percentage of total XP
 D = Non-vault monster count
 E = Vault monster count
 F = Vault count percentage of total count
                 A         B        C        D         E       F
            +---------+---------+-------+---------+---------+-------
      Total |     150 |      57 |  27.5 |      55 |      18 |  24.7
            +---------+---------+-------+---------+---------+-------
        D:1 |      50 |      15 |  23.1 |      25 |      14 |  35.9
        D:2 |      28 |      42 |  60.0 |      16 |       4 |  20.0
        D:3 |      72 |       0 |   0.0 |      14 |       0 |   0.0
            +---------+---------+-------+---------+---------+-------
